 Dungeon Sprint DCSS version 0.22.1-1-ga44c0e56f4 (webtiles) character file.

21 KleinerIrrer the Twirler (level 2, -2/23 HPs)
             Began as a Demonspawn Gladiator on Nov 1, 2018.
             Was an Initiate of Gozag.
             Slain by a crimson imp
             ... wielding the +10 Maxwell's thermic engine {flame, freeze}
              (3 damage)
             ... in the Dungeon (Sprint V: "Ziggurat Sprint").
             The game lasted 00:01:52 (280 turns).

KleinerIrrer the Twirler (Demonspawn Gladiator)      Turns: 280, Time: 00:01:52

Health: -2/23      AC: 25    Str: 14    XL:     2   Next: 62%
Magic:  8/11       EV:  4    Int: 15    God:    Gozag
Gold:   117        SH:  0    Dex: 14    Spells: 5/5 levels left

rFire    . . .     SeeInvis .   m - +6 Majin-Bo {vamp, Archmagi MP+6 Int+6}
rCold    . . .     Gourm    .   (shield currently unavailable)
rNeg     . . .     Faith    .   o - +15 Maxwell's patent armour {-Cast -Tele rElec MR+ rCorr}
rPois    .         Spirit   .   (helmet restricted)
rElec    +         Reflect  .   (no cloak)
rCorr    +         Harm     .   (no gloves)
MR       +....     NoTele   +   (no boots) Stlth ..........NoCast +
                                (no amulet)
HPRegen  0.07/turn              (no ring)
MPRegen  0.12/turn              (no ring)

@: gold aura
A: antennae 1
a: Potion Petition, Call Merchant, Bribe Branch, Renounce Religion


You were in the Dungeon.
You worshipped Gozag.
Gozag was aware of your devotion.
You were not hungry.

You visited 1 branch You collected 117 gold pieces.

Inventory:

Hand Weapons
 m - the +6 Majin-Bo (weapon) {vamp, Archmagi MP+6 Int+6}
   (You found it in the Dungeon)

   It inflicts no extra harm, but heals its wielder when it wounds a living foe.
   It affects your intelligence (+6).
   It affects your magic capacity (+6).
 n - the +10 dark maul {crush}
   (You found it in the Dungeon)

   It inflicts extra damage upon your enemies.
 q - the +7 Singing Sword
   (You found it in the Dungeon)
Missiles
 d - 3 throwing nets (quivered)
Armour
 b - a +0 leather armour
 c - a +0 helmet
 l - +5 gold dragon scales
 o - the +15 Maxwell's patent armour (worn) {-Cast -Tele rElec MR+ rCorr}
   (You found it in the Dungeon)

   It insulates you from electricity.
   It affects your resistance to hostile enchantments.
   It prevents spellcasting.
   It prevents most forms of teleportation.
   It provides partial protection from all sources of acid and corrosion.
 p - the +18 shield of the Gong {rElec rN+ MR+ EV-5}
   (You found it in the Dungeon)

   It affects your evasion (-5).
   It insulates you from electricity.
   It protects you from negative energy.
   It affects your resistance to hostile enchantments.
Magical Staves
 z - an uncursed staff of energy
Jewellery
 s - a +6 ring of dexterity
 t - a +6 ring of dexterity
 u - a +6 ring of intelligence
 v - a +6 ring of intelligence
 w - a +6 ring of strength
 x - a +6 ring of strength
 y - an uncursed ring of flight
Wands
 B - a wand of disintegration (7)
 C - a wand of iceblast (7)
 D - a wand of acid (7)
Scrolls
 k - 4 scrolls of blinking
 K - 4 scrolls of amnesia
 L - 7 scrolls of fog
 M - 5 scrolls of identify
 N - 5 scrolls of remove curse
 O - 2 scrolls of fear
Potions
 e - 10 potions of curing
 g - 10 potions of heal wounds
 h - 6 potions of haste
 i - 7 potions of magic
 j - 3 potions of berserk rage
 E - 2 potions of brilliance
 F - 2 potions of invisibility
 G - 4 potions of resistance
 H - a potion of experience
 I - 5 potions of agility
 J - 5 potions of might
Miscellaneous
 r - a lightning rod (3/4)
 A - a crystal ball of energy
Comestibles
 f - 6 rations


   Skills:
 + Level 2.9 Fighting
 - Level 3.6 Staves
 - Level 2.0 Throwing
 + Level 0.9 Armour
 - Level 3.4 Dodging
 * Level 2.1 Spellcasting


You had 5 spell levels left.
You didn't know any spells.
Your spell library contained the following spells:

 Spells                   Type           Power        Failure   Level  Hunger
 Ignite Poison            Fire/Tmut/Pois #.......     100%        3    ###....
 Fireball                 Conj/Fire      #.........   100%        5    ######.
 Bolt of Fire             Conj/Fire      #.........   100%        6    #######
 Ring of Flames           Chrm/Fire      #.........   100%        7    #######
 Ignition                 Fire           #.........   100%        8    #######


Dungeon Overview and Level Annotations

Branches:
Dungeon (1/1)

Altars:
Ashenzari
Cheibriados
Dithmenos
Elyvilon
Fedhas
Gozag
Hepliaklqana
Kikubaaqudgha
Makhleb
Nemelex Xobeh
Okawaru
Qazlal
Ru
Sif Muna
Trog
Uskayaw
Vehumet
Wu Jian
Xom
Yredelemnul
Zin
The Shining One
Beogh
Jiyva
Lugonu

Annotations:
D 1 transporter


Innate Abilities, Weirdness & Mutations

You have a pair of small antennae on your head.


Message History

The thunderbolt hits the white imp.
You kill the white imp!
Your lightning rod (4/4) has regained two charges.
Your Spellcasting skill increases to level 2!
The crimson imp blinks!
You are too injured to fight recklessly!
You are too injured to fight recklessly!
The crimson imp hits you but does no damage.
The crimson imp freezes you.
You see here 63 gold pieces.
You completely miss the crimson imp.
The crimson imp hits you but does no damage.
The crimson imp freezes you.
Unknown command.
You miss the crimson imp.
The crimson imp hits you with the +10 Maxwell's thermic engine {flame, freeze}!
* * * LOW HITPOINT WARNING * * *
The crimson imp burns you.
You die...
Your body crumbles into a pile of gold.

▓▓▓▓▓▓▓▓▓▓▓▓▓
▓.8©8.▓.8©8.▓
▓.}?..▓.....▓
▓.5...▓.)...▓
▓.$@..▓.....▓
▓.....▓.....▓
▓.....▓..©..▓
▓..©..▓▓▓▓▓▓▓
▓▓▓▓▓▓▓


You could see a crimson imp.

Vanquished Creatures
  2 white imps (D)
  An ufetubus (D)
  A bat skeleton (D)
4 creatures vanquished.

Notes
Turn   | Place    | Note
-------+----------+-------------------------------------------
     0 | D        | Found the +6 Majin-Bo {vamp, Archmagi MP+6 Int+6}
     0 | D        | Found the +7 great mace "Firestarter" {inner flame, rF++}
     0 | D        | KleinerIrrer the Demonspawn Gladiator began the quest for
                  | the Orb.
     0 | D        | Reached XP level 1. HP: 16/16 MP: 1/1
     3 | D        | Found a blossoming altar of Fedhas.
     4 | D        | Found a transporter.
     4 | D        | Found a viscous altar of Jiyva.
     4 | D        | Found an ancient bone altar of Kikubaaqudgha.
     4 | D        | Found a hazy altar of Hepliaklqana.
     4 | D        | Found a corrupted altar of Lugonu.
     4 | D        | Found an opulent altar of Gozag.
     4 | D        | Found a burning altar of Makhleb.
     5 | D        | Found a sacrificial altar of Ru.
     5 | D        | Found a stormy altar of Qazlal.
     5 | D        | Found a deep blue altar of Sif Muna.
     5 | D        | Found an iron altar of Okawaru.
     5 | D        | Found a bloodstained altar of Trog.
     5 | D        | Found a sparkling altar of Nemelex Xobeh.
    11 | D        | Found the +9 heavy crossbow "Sniper" {velocity, Acc+∞ SInv}
    11 | D        | Found the +10 dark maul {crush}
    11 | D        | Found the +15 Maxwell's patent armour {-Cast -Tele rElec
                  | MR+ rCorr}
    11 | D        | Found the +18 shield of the Gong {rElec rN+ MR+ EV-5}
    11 | D        | Found the cursed +14 obsidian axe {chop, +Fly SInv *Curse}
    13 | D        | Found the +6 shillelagh "Devastator" {shatter}
    13 | D        | Found the +11 plutonium sword {*Contam Stlth-}
    13 | D        | Found the +8 lance "Wyrmbane" {slay drac, rPois rF+ rC+
                  | AC+3}
    13 | D        | Found the +9 sword of Zonguldrok {reap}
    13 | D        | Found the cursed +13 scythe of Curses {drain, *Curse}
    13 | D        | Found the +0 sword of Power
    13 | D        | Found the +7 mace of Variability {chain chaos}
    13 | D        | Found the +7 Singing Sword
    13 | D        | Found the +7 longbow "Piercer" {penet, EV-2}
    44 | D        | Became a worshipper of Gozag Ym Sagoz the Greedy
   109 | D        | Entered arena 2.
   109 | D        | Found a transporter.
   116 | D        | Gained mutation: You have a pair of small antennae on your
                  | head. [demonic ancestry]
   116 | D        | Reached XP level 2. HP: 12/23 MP: 2/2
   268 | D        | Entered arena 3.
   268 | D        | Noticed a crimson imp
   268 | D        | Found a transporter.
   275 | D        | Reached skill level 1 in Spellcasting
   280 | D        | HP: 1/23 [crimson imp/the +10 Maxwell's thermic engine
                  | {flame, freeze} (7)]
   280 | D        | Slain by a crimson imp

Skill      XL: |  1  2 |
---------------+-------+-----
Staves         | 3 |  3.6
Dodging        | 3 |  3.4
Throwing       | 2 |  2.0
Spellcasting   | 2 |  2.1
Fighting       | |  2.9
Armour         | |  0.9

Action                   || total
-------------------------++-------
Melee: Quarterstaff      ||    13
Evoke: Lightning rod     ||     3
  Eat: Ration            ||     1
Armor: Plate armour      ||    31
Dodge: Dodged            ||     6
